 Dungeon Crawl Stone Soup version 0.29-a0-2-g12fcac58f8 (webtiles) character file.

Game seed: 12664910587389806435

7 HallandMoats the Ruffian (level 2, 26/26 HPs)
             Began as a Ghoul Monk on Jan 27, 2022.
             Was a Priest of Lugonu.
             Safely got out of the dungeon.
             The game lasted 00:00:39 (385 turns).

HallandMoats the Ruffian (Ghoul Monk)                Turns: 385, Time: 00:00:39

Health: 26/26      AC:  2    Str: 14    XL:     2   Next: 4%
Magic:  1/1        EV: 12    Int:  5    God:    Lugonu [***...]
Gold:   48         SH:  0    Dex: 11    Spells: 1/1 levels left

rFire   . . .      SeeInvis .     - Unarmed
rCold   + . .      Faith    .   (no shield)
rNeg    + + +      Spirit   .   a - +0 robe
rPois   ∞          Reflect  .   (no helmet)
rElec   .          Harm     .   (no cloak)
rCorr   .          Rampage  .   (no gloves)
Will    .....                   (no boots)
Stlth   ++........              (no amulet)
HPRegen 0.08/turn               (no ring)
MPRegen 0.07/turn               (no ring)

@: no status effects
A: claws 1, cold resistance 1, negative energy resistance 3, inhibited
regeneration, torment resistance 2
a: Renounce Religion, Depart the Abyss, Bend Space, Banish


You escaped.
You worshipped Lugonu.
Lugonu was most pleased with you.
You visited 1 branch of the dungeon, and saw 1 of its levels.

You collected 103 gold pieces.
You spent 55 gold pieces at shops.

Inventory:

Armour
 a - a +0 robe (worn)
Scrolls
 b - a scroll of immolation {unknown}
 c - a scroll of acquirement {unknown}
 e - a scroll of teleportation {unknown}
Potions
 d - a potion of heal wounds


   Skills:
 * Level 3.4 Fighting
 + Level 0.5 Armour
 + Level 2.7 Dodging
 - Level 2.1 Stealth
 * Level 3.4 Unarmed Combat
 + Level 0.2 Invocations


You had one spell level left.
You didn't know any spells.
Your spell library contained the following spells:

 Spells                   Type           Power      Damage    Failure   Level
 Summon Guardian Golem    Hex/Summ       0%         N/A       85%         3
 Orb of Destruction       Conj           0%         9d5       100%        7
 Spellforged Servitor     Conj/Summ      0%         N/A       100%        7


Dungeon Overview and Level Annotations

Branches:
Dungeon (1/15)

Altars:
Lugonu

Shops:
D:1 !


Innate Abilities, Weirdness & Mutations

You thrive by killing the living.
You are immune to poison.
You have sharp fingernails.
Your flesh is cold resistant. (rC+)
You are immune to negative energy. (rN+++)
You do not regenerate when monsters are visible.
You are immune to unholy pain and torment.


Message History

No reachable target in view!
No reachable target in view!
No reachable target in view!
No reachable target in view!
No reachable target in view!
No reachable target in view!
No reachable target in view!
No reachable target in view!
No reachable target in view!
You scratch the demonic plant but do no damage.
The rat bites the demonic plant.
You scratch the demonic plant.
The demonic plant begins to die.
The demonic plant is lightly damaged.
The rat bites the demonic plant.
The demonic plant begins to die.
You scratch the demonic plant.
The demonic plant is lightly damaged.
The rat bites the demonic plant.
You scratch the demonic plant.
The demonic plant is lightly damaged.
You scratch the demonic plant.
The demonic plant is lightly damaged.
A nearby demonic plant withers and dies.
You scratch the demonic plant.
The demonic plant is lightly damaged.
A nearby demonic plant withers and dies.
The rat bites the demonic plant.
The demonic plant begins to die.
A nearby demonic plant withers and dies.
You scratch the rat.
You kill the rat!
Lugonu accepts your kill.
You see here a rat corpse.
(D) Dungeon
Where to? (Enter - D:1 @ (x,y), ? - help)
What level of the Dungeon? (default 1, ? - help)
A nearby demonic plant withers and dies.
There is a corrupted altar of Lugonu here.
There is a staircase leading out of the dungeon here.
You can't go down here!
Are you sure you want to leave the Dungeon?
This will make you lose the game!
You have escaped!

.........................# #.# #.
#........###....#.#...##.# #.# #.
#..÷###..# ###...........# #.# ##
....# #..# ##.#.....##.###.####
#...###..######.##....##.........
#...............##...........####
#...###......######...##.###.####
..........##.######....).........
....#........#.>@.....##.##..####
....#.###.##.######..........#
........#.##.######...##.##..#
.....................>##.##..#
...#....#.#......##..###.....#
##.#....#.#......##..###.##.##
#.#.∩..#.#......##......##.#
###...##.#.......#..###.##.#
##..##.#.......#..# #.##.#


There were no monsters in sight!

Vanquished Creatures
  An endoplasm (D:1)
  A giant cockroach (D:1)
  A hobgoblin (D:1)
  A kobold (D:1)
  A ball python (D:1)
  2 rats (D:1)
7 creatures vanquished.

Vanquished Creatures (others)
  4 demonic plants (D:1)
4 creatures vanquished.

Grand Total: 11 creatures vanquished

Notes
Turn   | Place    | Note
-------+----------+-------------------------------------------
     0 | D:1      | HallandMoats the Ghoul Monk began the quest for the Orb.
     0 | D:1      | Reached XP level 1. HP: 19/19 MP: 0/0
   121 | D:1      | Found Ynoll's Distillery.
   148 | D:1      | Bought a potion of heal wounds for 55 gold pieces
   256 | D:1      | Reached XP level 2. HP: 26/26 MP: 1/1
   328 | D:1      | Found a faded altar of an unknown god.
   337 | D:1      | Prayed at the altar of an unknown god.
   337 | D:1      | Became a worshipper of Lugonu the Unformed
   337 | D:1      | Reached * piety under Lugonu
   337 | D:1      | Reached ** piety under Lugonu
   337 | D:1      | Reached *** piety under Lugonu
   385 | D:$      | Safely got out of the dungeon.

Illustrated notes

Levels and vault maps discovered:
D:1:      dpeg_arrival_tiny_j, layout_basic, shapermc_ecumenical_altar_gd,
          serial_shops, shop_coins, minmay_domino_4

Action                   || total
-------------------------++-------
Melee: Unarmed           ||    23
 Stab: Sleeping          ||     1
Armor: Robe              ||     2
Dodge: Dodged            ||     5

Table legend: (Time is in decaauts)
 A = Elapsed time spent in this place.
 B = Non-inter-level travel time spent in this place.
 C = Inter-level travel time spent in this place.
 D = Time resting spent in this place.
 E = Time spent auto-exploring this place.
 F = Levels seen in this place.
 G = Mean time per level.
                   A        B        C        D        E       F      G
               +--------+--------+--------+--------+--------+-----+--------+
         Total |    383 |    346 |     37 |      0 |    285 |   1 |  383.0 |
       Dungeon |    383 |    346 |     37 |      0 |    285 |   1 |  383.0 |
               +--------+--------+--------+--------+--------+-----+--------+

Top non-repeatable levels by time:
     D:1: 383 daAuts
